 Dungeon Sprint DCSS version 0.18-a0-1253-g9e1c3a1 (console) character file.

28 sorlin the Stinger (level 3, -3/19 HPs)
             Began as a Gargoyle Venom Mage on Feb 5, 2016.
             Killed from afar by a wizard (22 damage)
             ... with a bolt of fire
             ... in the Dungeon (Sprint III: "The Ten Rune Challenge").
             The game lasted 00:05:36 (605 turns).

sorlin the Stinger (Gargoyle Venom Mage)             Turns: 605, Time: 00:05:36

Health: -3/19      AC:  9    Str: 11    XL:     3   Next: 14%
Magic:  2/6        EV: 12    Int: 16    God:
Gold:   37         SH:  0    Dex:  9    Spells: 2 memorised, 2 levels left

rFire  . . .     SeeInvis .     (no weapon)
rCold  . . .     Gourm    .     a - +0 robe
rNeg   + . .     Faith    .     (no shield)
rPois  ∞         Spirit   .     (no helmet)
rElec  +         Dismiss  .     (no cloak)
rCorr  .         Reflect  .     (no gloves)
SustAt .         Harm     .     (no boots)
MR     .....     NoTele   +     (no amulet)
Stlth  ++........               (no ring)
                                (no ring)

@: very slightly contaminated, not resistant to hostile enchantments, unstealthy
A: rough black scales 1, negative energy resistance 1, electricity resistance,
unbreathing, petrification resistance, rot immunity, AC +3
a: no special abilities


You were in the Dungeon.
You were not hungry.

You visited 1 branch You collected 37 gold pieces.

Inventory:

Armour
 a - a +0 robe (worn)
Scrolls
 j - a scroll of immolation {unknown}
 k - 3 scrolls of identify
 l - 3 scrolls of remove curse
Potions
 d - 2 potions of curing
 f - 2 potions of cure mutation
 g - 2 potions of magic
 h - 4 potions of flight
Books
 b - a Young Poisoner's Handbook

   Spells                             Type                      Level
   a - Sting                          Conjuration/Poison           1
   b - Cure Poison                    Poison                       2
   c - Mephitic Cloud                 Conjuration/Poison/Air       3
   d - Olgreb's Toxic Radiance        Poison                       4
   e - Venom Bolt                     Conjuration/Poison           5
Comestibles
 c - a bread ration
 m - 2 meat rations


   Skills:
 - Level 1.5 Dodging
 - Level 2.1 Stealth
 - Level 2.0 Spellcasting
 + Level 0.0 Conjurations
 + Level 7.2 Poison Magic


You had 2 spell levels left.
You knew the following spells:

 Your Spells              Type           Power        Failure   Level  Hunger
a - Sting                 Conj/Pois      ##..         6%          1    #......
b - Mephitic Cloud        Conj/Pois/Air  #.......     28%         3    ###....


Dungeon Overview and Level Annotations

Branches:
Dungeon (1/1)

Altars:
Vehumet


Innate Abilities, Weirdness & Mutations

You are resistant to torment.
Your stone body is resilient (AC +3).
You are immune to poison.
You resist negative energy.
You are resistant to electric shocks.
You can survive without breathing.
You are immune to petrification.
You are immune to rotting.
You are partially covered in rough black scales (AC +4, Dex -1).


Message History

The ball explodes into a vile cloud!
The stinking cloud engulfs the wizard.
The wizard is engulfed in noxious fumes.
You hit the wizard but do no damage.
The wizard is lightly wounded.
The wizard hits you but does no damage.
You hit the wizard but do no damage.
The wizard is lightly wounded.
You hear a shout!
The wizard closely misses you.
Casting: Mephitic Cloud
Confirm with . or Enter, or press ? or * to list all spells.
Aiming: Sting
Press: ? - help, Shift-Dir - straight line, f/p - wizard
Aim: a wizard, wielding a dagger and wearing a robe (lightly wounded)
The sting hits the wizard.
The wizard is poisoned.
The wizard is lightly wounded.
The wizard casts a spell at you. The bolt of fire hits you!
Ouch! That really hurt!
You die...

▓▓▓▓▓▓▓▓▓ ▓▓▓ ..'.....♣♣
♣.# ..#......♣ ♣.#
###....♣♣♣ ♣.#
..#....≈.♣♣♣♣.###+#+###+##
..#...≈≈......#..........#
..#..≈≈≈≈♣....+.⌠........#
#'#..≈≈≈≈≈≈♣..#...######+#
..#.≈≈≈≈≈≈....#.⌠.#
..#.≈≈≈≈≈.....#.@.#
..#.≈≈≈.......#p###
###...........#§
........E.....#§
▓▓▓▓▓▓▓▓▓▓▓▓▓▓▓▓


You could see a wizard.

Vanquished Creatures
  A human (D)
  An ooze (D)
  A phantom (D)
  3 rats (D)
6 creatures vanquished.

Vanquished Creatures (others)
  2 draconian scorchers (D)
  A yaktaur (D)
  2 plants (D)
5 creatures vanquished.

Grand Total: 11 creatures vanquished

Notes
Turn   | Place    | Note
--------------------------------------------------------------
     0 | D        | sorlin the Gargoyle Venom Mage began the quest for the Orb.
     0 | D        | Reached XP level 1. HP: 10/10 MP: 3/3
    27 | D        | Reached skill level 5 in Poison Magic
    76 | D        | Reached XP level 2. HP: 15/15 MP: 1/5
   169 | D        | Reached skill level 7 in Poison Magic
   169 | D        | Reached XP level 3. HP: 5/19 MP: 0/6
   180 | D        | Killed a yaktaur
   288 | D        | Killed a white draconian scorcher
   299 | D        | Killed a white draconian scorcher
   447 | D        | Learned a level 3 spell: Mephitic Cloud
   530 | D        | Gained mutation: Armour fits poorly on your strangely shaped body. [potion of mutation]
   530 | D        | Gained mutation: You regenerate slowly when monsters are visible. [potion of mutation]
   530 | D        | Gained mutation: You have supernaturally acute eyesight. [potion of mutation]
   533 | D        | Gained mutation: You are partially covered in rough black scales (AC +4, Dex -1). [potion of mutation]
   533 | D        | Gained mutation: You are partially covered in icy blue scales (AC +1). [potion of mutation]
   542 | D        | Lost mutation: You are partially covered in icy blue scales (AC +1). [potion of cure mutation]
   542 | D        | Lost mutation: You regenerate slowly when monsters are visible. [potion of cure mutation]
   542 | D        | Lost mutation: Armour fits poorly on your strangely shaped body. [potion of cure mutation]
   542 | D        | Lost mutation: You have supernaturally acute eyesight. [potion of cure mutation]
   569 | D        | Noticed a water elemental
   601 | D        | Found a radiant altar of Vehumet.
   602 | D        | Noticed a wizard
   605 | D        | Killed from afar by a wizard

Vault maps used:
D:        dungeon_sprint_mu

Action                   || total
-------------------------++-------
Melee: Unarmed           ||    39
 Cast: Sting             ||    12
       Mephitic Cloud    ||     2
  Use: Potion            ||     6
       Scroll            ||     2
